 Dungeon Crawl Stone Soup version 0.29.0-4-gdea44cf6ec (webtiles) character file.

Game seed: 6964368195853297299

2932 pesado the Reanimator (level 9, -3/57 HPs)
             Began as a Demonspawn Necromancer on Aug 26, 2022.
             Was a Follower of Sif Muna.
             Slain by a gnoll sergeant
             ... wielding a +0 vorpal spear
              (9 damage)
             ... on level 7 of the Dungeon on Aug 27, 2022.
             The game lasted 00:16:54 (11623 turns).

pesado the Reanimator (Demonspawn Necromancer)     Turns: 11623, Time: 00:16:55

Health: -3/57      AC:  3    Str:  9    XL:     9   Next: 50%
Magic:  7/18       EV: 12    Int: 21    God:    Sif Muna [*.....]
Gold:   344        SH:  0    Dex: 13    Spells: 4/20 levels left

rFire   . . .      SeeInvis .   k - +1 spear
rCold   . . .      Faith    .   (no shield)
rNeg    . . .      Spirit   .   a - +1 robe
rPois   .          Reflect  .   (no helmet)
rElec   .          Harm     .   (no cloak)
rCorr   .          Rampage  .   (no gloves)
Will    .....                   (no boots)
Stlth   ++........              (no amulet)
HPRegen 1.19/turn               (no ring)
MPRegen 0.16/turn               (no ring)

@: no status effects
A: demonic guardian 3, powered by death 1
a: Renounce Religion, Channel Magic


You were on level 7 of the Dungeon.
You worshipped Sif Muna.
Sif Muna was aware of your devotion.
You visited 2 branches of the dungeon, and saw 8 of its levels.

You collected 344 gold pieces.

Inventory:

Hand Weapons
 k - a +1 spear (weapon)
 o - a +1 dagger of venom
 p - a +0 spear of freezing
Missiles
 j - a throwing net
 q - 3 poisoned darts
Armour
 a - a +1 robe (worn)
Jewellery
 e - a +6 ring of intelligence
Wands
 h - a wand of charming (24)
 n - a wand of roots (11)
 t - a wand of polymorph (4)
 x - a wand of quicksilver (7)
Scrolls
 g - 7 scrolls of identify
 m - 3 scrolls of noise
 r - 2 scrolls of enchant weapon
 u - 2 scrolls of amnesia
 A - a scroll of teleportation
Potions
 b - 2 potions of magic
 c - 2 potions of haste {unknown}
 d - a potion of attraction {unknown}
 f - 2 potions of mutation
 i - a potion of lignification {unknown}
 l - a potion of might {unknown}
 s - a potion of heal wounds {unknown}
 v - 2 potions of ambrosia {unknown}
 z - a potion of brilliance {unknown}


   Skills:
 - Level 1.7 Dodging
 - Level 1.7 Stealth
 - Level 6.2 Spellcasting
 + Level 2.6 Conjurations
 - Level 4.2 Summonings
 - Level 12.0 Necromancy


You had 4 spell levels left.
You knew the following spells:

 Your Spells              Type           Power      Damage    Failure   Level
a - Necrotise             Necr           100%       1d9       1%          1
b - Vampiric Draining     Necr           54%        2d9       1%          3
c - Animate Dead          Necr           54%        N/A       1%          4
d - Call Imp              Summ           24%        N/A       2%          2
e - Agony                 Necr           54%        N/A       1%          5
f - Foxfire               Conj/Fire      48%        2x1d6     5%          1

Your spell library contained the following spells:

 Spells                   Type           Power      Damage    Failure   Level
 Magic Dart               Conj           68%        1d6       3%          1
 Conjure Flame            Conj/Fire      12%        6-21      17%         3
 Mephitic Cloud           Conj/Pois/Air  10%        N/A       21%         3
 Gell's Gravitas          Tloc           6%         N/A       28%         3
 Inner Flame              Hex/Fire       6%         N/A       28%         3
 Lesser Beckoning         Tloc           6%         N/A       28%         3
 Teleport Other           Tloc           6%         N/A       28%         3
 Flame Wave               Conj/Fire      12%        2d6       50%         4


Dungeon Overview and Level Annotations

Branches:
Dungeon (7/15)             Temple (1/1) D:4

Altars:
Ashenzari
Dithmenos
Fedhas
Gozag
Hepliaklqana
Makhleb
Nemelex Xobeh
Okawaru
Qazlal
Sif Muna
Trog
Wu Jian

Shops:
D:5 *[:(!


Innate Abilities, Weirdness & Mutations

A powerful demonic guardian rushes to your aid.
You regenerate a little health from kills.


Message History

Aiming: Necrotise (safe; 1% risk of failure)
Press: ? - help, Shift-Dir - straight line, f/p - gnoll sergeant
Aim: a gnoll sergeant, wielding a +0 vorpal spear, wearing a +0 ring mail and wearing a +0 kite shield (heavily wounded, chance to affect: 83%)
The gnoll sergeant writhes in agony.
The jelly hits you but does no damage.
The gnoll sergeant hits you with a +0 vorpal spear!
The gnoll closely misses you.
Your gnoll skeleton hits the jelly.
Your gnoll skeleton is burned by acid!
Casting: Necrotise (safe; 1% risk of failure)
Confirm with . or Enter, or press ? or * to list all spells.
You conjure some foxfire!
The gnoll closely misses you. The jelly hits you but does no damage.
The gnoll sergeant hits you with a +0 vorpal spear!
* * * LOW HITPOINT WARNING * * *
A demonic guardian appears!
* * * LOW HITPOINT WARNING * * *
The foxfire hits the gnoll sergeant.
The gnoll sergeant is severely wounded.
The foxfire hits the gnoll sergeant but does no damage.
The gnoll sergeant is severely wounded.
The gnoll sergeant hits you but does no damage.
Things that are here:
the +0 long sword of Xeczaadist {flame, rElec rPois rF++ rCorr}; a +0 leather armour; a scroll labelled UFASTR EJYKOS The jelly attacks as you move away!
The jelly hits you but does no damage.
The jelly hits your sun demon but does no damage.
Your sun demon hits the jelly!!
The jelly is engulfed in flames!
The jelly dies!
Sif Muna accepts your kill.
Your gnoll skeleton barely misses the gnoll.
What are your orders? t - Shout!
Orders for allies: a - Attack new target. p - Attack previous target. r - Retreat! s - Stop attacking. g - Guard the area. f - Follow me.
Anything else - Cancel.
Gang up on whom?
Press: ? - help, Dir - move target, f/p - gnoll sergeant
Aim: a gnoll sergeant, wielding a +0 vorpal spear, wearing a +0 ring mail and wearing a +0 kite shield (severely wounded, ally target) Attack!
The gnoll sergeant hits you from afar with a +0 vorpal spear!
You die...

######### #........ ###
#.#######........ ...
........'......>. ###.###
.##....#........ .......
#....##.#####...# .......
#######.# #..#.#
.......######.....####'##.#
.......gg3@...)....##8.8###
##'####Z.)........##.....##
#.....>....##8.....8#
#.........##.........
#[........#8.........
#.........'..........
#.........#8.........
.............##.........
...#.######....##8.....8#


You could see a gnoll sergeant (ally target), a gnoll, a friendly sun demon
(summoned) and a friendly gnoll skeleton.

Vanquished Creatures
  Pikel (D:6)
  Grinder (D:6)
  A water moccasin (D:7)
  An ice beast (D:5)
  2 ogres
  2 bullfrogs
  3 scorpions
  Blork the orc (D:6)
  2 hounds
  3 jellies
  3 iguanas
  3 orc wizards
  2 gnolls (D:7)
  11 adders
  A shadow imp (D:6)
  A white imp (D:6)
  4 ufetubi
  A worm (D:3)
  2 dart slugs
  7 orcs
  6 bats
  3 endoplasms
  5 giant cockroaches
  11 goblins
  10 hobgoblins
  3 jackals (D:3)
  6 kobolds
  5 quokkas
  10 ball pythons
  3 frilled lizards
  3 rats
117 creatures vanquished.

Vanquished Creatures (collateral kills)
  A steam dragon (D:7)
  2 black bears
  A centaur (D:5)
  A phantom (D:4)
  A scorpion (D:5)
  3 necrophages
  A howler monkey (D:6)
  3 jellies
  An orc priest (D:2)
  An iguana (D:6)
  Ijyb (D:3)
  An orc wizard (D:3)
  2 adders
  6 orcs
  2 endoplasms (D:3)
  A giant cockroach (D:1)
  A goblin (D:2)
  A rat (D:2)
30 creatures vanquished.

Vanquished Creatures (others)
  8 foxfires (D:7)
  5 toadstools (D:1)
13 creatures vanquished.

Grand Total: 160 creatures vanquished

Notes
Turn   | Place    | Note
-------+----------+-------------------------------------------
     0 | D:1      | pesado the Demonspawn Necromancer began the quest for the
                  | Orb.
     0 | D:1      | Reached XP level 1. HP: 13/13 MP: 3/3
   236 | D:1      | Gained mutation: A weak demonic guardian rushes to your
                  | aid. [demonic ancestry]
   236 | D:1      | Reached XP level 2. HP: 19/19 MP: 3/5
   261 | D:1      | Found a faded altar of an unknown god.
   264 | D:1      | Reached skill level 5 in Necromancy
   998 | D:1      | Gained mutation: You regenerate a little health from kills.
                  | [demonic ancestry]
   998 | D:1      | Reached XP level 3. HP: 24/24 MP: 4/6
  1234 | D:2      | Reached skill level 6 in Necromancy
  1312 | D:2      | Gained mutation: A demonic guardian rushes to your aid.
                  | [demonic ancestry]
  1312 | D:2      | Reached XP level 4. HP: 25/30 MP: 3/7
  1335 | D:2      | Learned a level 3 spell: Vampiric Draining
  1629 | D:2      | Reached skill level 7 in Necromancy
  1739 | D:2      | Reached XP level 5. HP: 35/35 MP: 5/8
  2403 | D:3      | Learned a level 4 spell: Animate Dead
  2452 | D:3      | Found a glowing drain.
  2592 | D:3      | Noticed Ijyb
  2602 | D:3      | Killed Ijyb
  2785 | D:3      | Reached skill level 8 in Necromancy
  2785 | D:3      | Reached XP level 6. HP: 21/41 MP: 0/9
  3056 | D:3      | Identified the +4 ring mail of the Indestructible God
                  | {Rampage rN+ Int+3}
  3548 | D:4      | Found an ornate altar of the Wu Jian Council.
  3573 | D:4      | Found a staircase to the Ecumenical Temple.
  3582 | Temple   | Entered the Ecumenical Temple
  4323 | D:4      | Reached skill level 9 in Necromancy
  4716 | D:4      | Reached XP level 7. HP: 46/46 MP: 7/10
  5318 | Temple   | Became a worshipper of Sif Muna the Loreminder
  5680 | D:5      | Entered Level 5 of the Dungeon
  5692 | D:4      | Learned a level 2 spell: Call Imp
  5957 | D:5      | Reached skill level 10 in Necromancy
  6188 | D:5      | Reached skill level 1 in Summonings
  6266 | D:5      | Found Resomorphusym's Distillery.
  6431 | D:5      | Found Jiokid's Weapon Boutique.
  6435 | D:5      | Found Nitelyam's Antique Armour Boutique.
  6435 | D:5      | Found Uluacips's Book Boutique.
  6436 | D:5      | Found Dehia's Assorted Antiques.
  7149 | D:5      | HP: 2/46 [phantom (2)]
  8240 | D:5      | Reached XP level 8. HP: 46/51 MP: 6/11
  8316 | D:6      | Noticed Blork the orc
  8323 | D:6      | Killed Blork the orc
  9042 | D:6      | Noticed Grinder
  9047 | D:6      | Reached skill level 11 in Necromancy
  9072 | D:6      | Killed Grinder
  9532 | D:6      | Reached skill level 12 in Necromancy
  9588 | D:6      | Noticed Pikel
  9639 | D:6      | Killed Pikel
  9640 | D:6      | Gained mutation: A powerful demonic guardian rushes to your
                  | aid. [demonic ancestry]
  9640 | D:6      | Reached XP level 9. HP: 8/57 MP: 9/15
  9966 | D:6      | Reached skill level 5 in Spellcasting
  9977 | D:6      | Learned a level 5 spell: Agony
 10116 | D:6      | Identified the +5 spear of the Singing Gods {pain, +Blink
                  | rCorr Dex+2 Stlth+}
 11035 | D:7      | Learned a level 1 spell: Foxfire
 11089 | D:7      | Reached skill level 1 in Conjurations
 11606 | D:7      | Identified the +0 long sword of Xeczaadist {flame, rElec
                  | rPois rF++ rCorr}
 11614 | D:7      | Reached * piety under Sif Muna
 11623 | D:7      | Slain by a gnoll sergeant

Illustrated notes

Levels and vault maps discovered:
D:1:      ldierk_walled_garden, layout_loops_cross, basic_ecumenical_altar,
          minmay_heptomino_l4
D:2:      cheibrodos_pilgrimage, layout_loops_ring, serial_bayou_pond_b,
          chequers_serial_rivers_room_a
D:3:      layout_loops_cross, cheibrodos_sewer_entry_drain, uniq_ijyb
D:4:      layout_cave_pods, nicolae_wu_jian_wuxing_cycle,
          minmay_temple_entry_offerings, kennysheep_another_room
D:5:      layout_loops_ring, serial_shops, nicolae_shop_behind_doors,
          minmay_shop_grid_forest
D:6:      layout_loops_cross, kennysheep_potato, uniq_blork_the_orc,
          uniq_grinder, uniq_pikel
D:7:      layout_basic, dk_noncrumbling_4, grunt_ministairs_1
Temple:   minmay_temple_bridge_abc

Skill      XL: |  1  2  3  4  5  6  7  8  9 |
---------------+----------------------------+-----
Necromancy     | 5 6 7 8 9 10 12 | 12.0
Summonings     | 4 |  4.2
Spellcasting   | 4 6 |  6.2
Conjurations   | 2 |  2.6
Dodging        | |  1.7
Stealth        | |  1.7

Action                   |  1- 3 |  4- 6 |  7- 9 || total
-------------------------+-------+-------+-------++-------
Melee: Unarmed           |     8 |       |       ||     8
       Spear             |       |    73 |    90 ||   163
       Punch             |       |     2 |     1 ||     3
 Cast: Necrotise         |    53 |    98 |   153 ||   304
       Call Imp          |       |       |    19 ||    19
       Agony             |       |       |     4 ||     4
       Foxfire           |       |       |     4 ||     4
Evoke: Wand              |       |       |     2 ||     2
  Use: Scroll            |       |     7 |     6 ||    13
       Potion            |       |       |     4 ||     4
 Stab: Distracted        |       |     1 |     1 ||     2
       Sleeping          |       |     1 |       ||     1
Armor: Robe              |     2 |    16 |    35 ||    53
Dodge: Dodged            |    14 |    72 |   141 ||   227
